3AA
WESTWOOD SIXSHOOTERS @ BILLINGS POLAR BEARS
07/12/2022
 
TOP OF THE 1ST
Westwood Sixshooters batting - Pitching for Billings Polar Bears : RHP Jim Unknown
Pitching: RHP Jim Unknown
Batting: RHB Manuel Becerra 0-0: Ball
1-0: Foul Ball, location: 2F
1-1: Foul Ball, location: 2F
1-2: Foul Ball, location: 2F
1-2: Ground out U3 (Groundball, 3L)
Batting: RHB Jorge Morales 0-0: Called Strike
0-1: Called Strike
0-2: Ground out 6-3 (Groundball, 6)
Batting: RHB Ronnie Cleveland 0-0: Foul Ball, location: 2F
0-1: Fly out, F8 (Flyball, 8RM)
Top of the 1st over - 0 run(s), 0 hit(s), 0 error(s), 0 left on base; Westwood 0 - Billings 0
BOTTOM OF THE 1ST
Billings Polar Bears batting - Pitching for Westwood Sixshooters : RHP Joe Dow
Pitching: RHP Joe Dow
Batting: RHB Raúl Delgado 0-0: Ground out 6-3 (Groundball, 6)
Batting: LHB Qi-zhen Loong 0-0: Called Strike
0-1: Foul Ball, location: 2F
0-2: SINGLE (Line Drive, 89S)
Batting: RHB Gerardo Castillo 0-0: Foul Ball, location: 2F
0-1: Ball
1-1: Foul Ball, location: 2F
1-2: Fly out, F7 (Flyball, 7S)
Batting: RHB José Cruz 0-0: Ball
1-0: Swinging Strike
1-1: Swinging Strike
1-2: Ball
2-2: Ball
3-2: Base on Balls
Qi-zhen Loong to second
Batting: SHB Juan Brito 0-0: Ball
1-0: Ball
2-0: Ball
3-0: Called Strike
3-1: Base on Balls
Qi-zhen Loong to third
José Cruz to second
Batting: RHB Jeremy Murphy 0-0: Foul Ball, location: 2F
0-1: Fly out, F3 (Popup, 3F)
Bottom of the 1st over - 0 run(s), 1 hit(s), 0 error(s), 3 left on base; Westwood 0 - Billings 0
TOP OF THE 2ND
Westwood Sixshooters batting - Pitching for Billings Polar Bears : RHP Jim Unknown
Batting: RHB Iván Vega 0-0: Foul Ball, location: 2F
0-1: Foul Ball, location: 2F
0-2: Ball
1-2: Ball
2-2: Strikes out swinging
Batting: LHB Javier Sánchez 0-0: Ball
1-0: Ground out 4-3 (Groundball, 4)
Batting: RHB Wes Shannon 0-0: Ball
1-0: Ball
2-0: Swinging Strike
2-1: Called Strike
2-2: Fly out, F8 (Flyball, 89XD)
Top of the 2nd over - 0 run(s), 0 hit(s), 0 error(s), 0 left on base; Westwood 0 - Billings 0
BOTTOM OF THE 2ND
Billings Polar Bears batting - Pitching for Westwood Sixshooters : RHP Joe Dow
Batting: LHB Jesús Reyes 0-0: Ground out 6-3 (Groundball, 6)
Batting: RHB Félix Aguilar 0-0: Ground out 5-3 (Groundball, 56S)
Batting: RHB Rubén Marino 0-0: Called Strike
0-1: Ball
1-1: Swinging Strike
1-2: Strikes out swinging
Bottom of the 2nd over - 0 run(s), 0 hit(s), 0 error(s), 0 left on base; Westwood 0 - Billings 0
TOP OF THE 3RD
Westwood Sixshooters batting - Pitching for Billings Polar Bears : RHP Jim Unknown
Batting: LHB José Martínez 0-0: Called Strike
0-1: SINGLE (Groundball, 56)
Batting: RHB Richard Hicks 0-0: Called Strike
0-1: Ball
1-1: Ball
2-1: DOUBLE (Line Drive, 9LM)
José Martínez to third
Batting: RHB Sergio Martínez 0-0: Called Strike
0-1: Ground out 6-3 (Groundball, 6)
José Martínez scores
Batting: RHB Manuel Becerra 0-0: Ball
1-0: Ball
2-0: Ball
3-0: Called Strike
3-1: Base on Balls
Batting: RHB Jorge Morales 0-0: Ball
1-0: Called Strike
1-1: Ball
2-1: Called Strike
2-2: Ball
3-2: Base on Balls
Richard Hicks to third
Manuel Becerra to second
Batting: RHB Ronnie Cleveland 0-0: Ball
1-0: Ball
2-0: Called Strike
2-1: Swinging Strike
2-2: Foul Ball, location: 2F
2-2: Strikes out swinging
Batting: RHB Iván Vega 0-0: Called Strike
0-1: Ball
1-1: Called Strike
1-2: Strikes out swinging
Top of the 3rd over - 1 run(s), 2 hit(s), 0 error(s), 3 left on base; Westwood 1 - Billings 0
BOTTOM OF THE 3RD
Billings Polar Bears batting - Pitching for Westwood Sixshooters : RHP Joe Dow
Batting: RHB Raúl Delgado 0-0: Foul Ball, location: 2F
0-1: Swinging Strike
0-2: Ball
1-2: Foul Ball, location: 2F
1-2: Strikes out swinging
Batting: LHB Qi-zhen Loong 0-0: Ball
1-0: Called Strike
1-1: Ground out 4-3 (Groundball, 4)
Batting: RHB Gerardo Castillo 0-0: Ball
1-0: Ball
2-0: Ball
3-0: Base on Balls
Batting: RHB José Cruz 0-0: Called Strike
0-1: Swinging Strike
0-2: Strikes out swinging
Bottom of the 3rd over - 0 run(s), 0 hit(s), 0 error(s), 1 left on base; Westwood 1 - Billings 0
TOP OF THE 4TH
Westwood Sixshooters batting - Pitching for Billings Polar Bears : RHP Jim Unknown
Batting: LHB Javier Sánchez 0-0: SINGLE (Line Drive, 7LS)
Batting: RHB Wes Shannon 0-0: Swinging Strike
0-1: Foul Ball, location: 2F
0-2: Ball
1-2: Grounds into double play, 5-4-3 (Groundball, 5)
Batting: LHB José Martínez 0-0: Called Strike
0-1: Ball
1-1: Ball
2-1: Swinging Strike
2-2: Foul Ball, location: 2F
2-2: Foul Ball, location: 2F
2-2: Ground out 6-3 (Groundball, 6M)
Top of the 4th over - 0 run(s), 1 hit(s), 0 error(s), 0 left on base; Westwood 1 - Billings 0
BOTTOM OF THE 4TH
Billings Polar Bears batting - Pitching for Westwood Sixshooters : RHP Joe Dow
Batting: SHB Juan Brito 0-0: Ball
1-0: Foul Ball, location: 2F
1-1: Ball
2-1: Fly out, F4 (Popup, 4D)
Batting: RHB Jeremy Murphy 0-0: Ball
1-0: Ball
2-0: Called Strike
2-1: Fly out, F3 (Popup, 3DF)
Batting: LHB Jesús Reyes 0-0: Ball
1-0: Ball
2-0: Ball
3-0: Called Strike
3-1: Fly out, F8 (Flyball, 8LD)
Bottom of the 4th over - 0 run(s), 0 hit(s), 0 error(s), 0 left on base; Westwood 1 - Billings 0
TOP OF THE 5TH
Westwood Sixshooters batting - Pitching for Billings Polar Bears : RHP Jim Unknown
Batting: RHB Richard Hicks 0-0: Swinging Strike
0-1: Swinging Strike
0-2: Foul Ball, location: 2F
0-2: Strikes out swinging
Batting: RHB Sergio Martínez 0-0: Ball
1-0: Ball
2-0: Ball
3-0: Foul Ball, location: 2F
3-1: Foul Ball, location: 2F
3-2: Strikes out swinging
Batting: RHB Manuel Becerra 0-0: Ball
1-0: Foul Ball, location: 2F
1-1: Fly out, F6 (Popup, 6D)
Top of the 5th over - 0 run(s), 0 hit(s), 0 error(s), 0 left on base; Westwood 1 - Billings 0
BOTTOM OF THE 5TH
Billings Polar Bears batting - Pitching for Westwood Sixshooters : RHP Joe Dow
Batting: RHB Félix Aguilar 0-0: Ball
1-0: Ball
2-0: Called Strike
2-1: Foul Ball, location: 2F
2-2: Strikes out swinging
Batting: RHB Rubén Marino 0-0: Ball
1-0: Ground out 6-3 (Groundball, 6)
Batting: RHB Raúl Delgado 0-0: Ball
1-0: Called Strike
1-1: Ball
2-1: Foul Ball, location: 2F
2-2: SINGLE (Line Drive, 34D)
Batting: LHB Qi-zhen Loong 0-0: Called Strike
0-1: Fly out, F8 (Flyball, 8RM)
Bottom of the 5th over - 0 run(s), 1 hit(s), 0 error(s), 1 left on base; Westwood 1 - Billings 0
TOP OF THE 6TH
Westwood Sixshooters batting - Pitching for Billings Polar Bears : RHP Jim Unknown
Batting: RHB Jorge Morales 0-0: Ball
1-0: Foul Ball, location: 2F
1-1: Ball
2-1: Ball
3-1: DOUBLE (Flyball, 8RM)
Batting: RHB Ronnie Cleveland 0-0: Called Strike
0-1: Ball
1-1: Ball
2-1: Ball
3-1: TRIPLE (Line Drive, 89D)
Jorge Morales scores
Batting: RHB Iván Vega 0-0: Called Strike
0-1: Ball
1-1: Foul Ball, location: 2F
1-2: Strikes out swinging
Batting: LHB Javier Sánchez 0-0: Called Strike
0-1: DOUBLE (Line Drive, 7LM)
Ronnie Cleveland scores
Batting: RHB Wes Shannon 0-0: Foul Ball, location: 2F
0-1: Ball
1-1: SINGLE (Groundball, 6MD) (infield hit)
Javier Sánchez to third
Batting: LHB José Martínez 0-0: Ball
1-0: Ball
2-0: Ball
3-0: Called Strike
3-1: Called Strike
3-2: Foul Ball, location: 2F
3-2: Fly out, F7 (Flyball, 78M)
Batting: RHB Richard Hicks 0-0: Called Strike
0-1: Ball
1-1: Ball
2-1: SINGLE (Groundball, 5D)
Javier Sánchez scores
Wes Shannon to second
Batting: RHB Sergio Martínez 0-0: DOUBLE (Line Drive, 7LM)
Wes Shannon scores
Richard Hicks to third
Pitching: RHP Joe Lynn
Batting: RHB Manuel Becerra 0-0: Ball
1-0: Swinging Strike
1-1: SINGLE (Line Drive, 78M)
Richard Hicks scores
Sergio Martínez to third
Runner from 3rd tries for Home, SAFE, no throw or cutoff
Batting: RHB Jorge Morales 0-0: Called Strike
0-1: Fly out, F9 (Flyball, 89M)
Top of the 6th over - 6 run(s), 7 hit(s), 0 error(s), 1 left on base; Westwood 7 - Billings 0
BOTTOM OF THE 6TH
Billings Polar Bears batting - Pitching for Westwood Sixshooters : RHP Joe Dow
Batting: RHB Gerardo Castillo 0-0: Foul Ball, location: 2F
0-1: Fly out, F4 (Popup, 4MS)
Batting: RHB José Cruz 0-0: Called Strike
0-1: Fly out, F3 (Popup, 34S)
Batting: SHB Juan Brito 0-0: Ball
1-0: Ball
2-0: Foul Ball, location: 2F
2-1: SINGLE (Line Drive, 89M)
Batting: RHB Jeremy Murphy 0-0: Ball
1-0: DOUBLE (Line Drive, 78M)
Juan Brito to third
Runner from 3rd tries for Home, throw and OUT!
Bottom of the 6th over - 0 run(s), 2 hit(s), 0 error(s), 1 left on base; Westwood 7 - Billings 0
TOP OF THE 7TH
Westwood Sixshooters batting - Pitching for Billings Polar Bears : RHP Joe Lynn
Batting: RHB Ronnie Cleveland 0-0: Ball
1-0: SINGLE (Groundball, 23) (infield hit)
Batting: RHB Iván Vega 0-0: Ball
1-0: Fly out, F8 (Flyball, 8LM)
Batting: LHB Javier Sánchez 0-0: Ball
1-0: Ball
2-0: Fielders Choice at 2nd, 1-4 (Groundball, 13S)
Batting: RHB Wes Shannon 0-0: Ball
1-0: Ball
2-0: Ball
3-0: Base on Balls
Javier Sánchez to second
Batting: LHB José Martínez 0-0: Ball
1-0: Ground out 4-3 (Groundball, 4)
Top of the 7th over - 0 run(s), 1 hit(s), 0 error(s), 2 left on base; Westwood 7 - Billings 0
BOTTOM OF THE 7TH
Billings Polar Bears batting - Pitching for Westwood Sixshooters : RHP Joe Dow
Batting: LHB Jesús Reyes 0-0: Called Strike
0-1: Ground out 6-3 (Groundball, 6M)
Batting: RHB Félix Aguilar 0-0: Called Strike
0-1: Swinging Strike
0-2: Ball
1-2: Ball
2-2: Ball
3-2: Strikes out looking
Batting: RHB Rubén Marino 0-0: Foul Ball, location: 2F
0-1: Ball
1-1: Swinging Strike
1-2: Foul Ball, location: 2F
1-2: Foul Ball, location: 2F
1-2: Ground out 4-3 (Groundball, 4S)
Bottom of the 7th over - 0 run(s), 0 hit(s), 0 error(s), 0 left on base; Westwood 7 - Billings 0
TOP OF THE 8TH
Westwood Sixshooters batting - Pitching for Billings Polar Bears : RHP Joe Lynn
Batting: RHB Richard Hicks 0-0: Swinging Strike
0-1: Swinging Strike
0-2: Ball
1-2: Foul Ball, location: 2F
1-2: Strikes out swinging
Batting: RHB Sergio Martínez 0-0: DOUBLE (Groundball, 3L)
Batting: RHB Manuel Becerra 0-0: Swinging Strike
0-1: Ball
1-1: Foul Ball, location: 2F
1-2: Strikes out swinging
Batting: RHB Jorge Morales 0-0: Ball
1-0: Ball
2-0: Ball
3-0: Called Strike
3-1: Base on Balls
Batting: RHB Ronnie Cleveland 0-0: Ball
1-0: Swinging Strike
1-1: Foul Ball, location: 2F
1-2: Strikes out swinging
Top of the 8th over - 0 run(s), 1 hit(s), 0 error(s), 2 left on base; Westwood 7 - Billings 0
BOTTOM OF THE 8TH
Billings Polar Bears batting - Pitching for Westwood Sixshooters : RHP Joe Dow
Now at 2B: Bob Howells
Batting: RHB Raúl Delgado 0-0: Ball
1-0: Fly out, F8 (Flyball, 8RM)
Batting: LHB Qi-zhen Loong 0-0: Called Strike
0-1: TRIPLE (Flyball, 9M)
Pitching: LHP Don Bender
Batting: RHB Gerardo Castillo 0-0: Ball
1-0: Ground out 5-3 (Groundball, 5L)
Batting: RHB José Cruz 0-0: Called Strike
0-1: Ball
1-1: Foul Ball, location: 2F
1-2: Foul Ball, location: 2F
1-2: SINGLE (Line Drive, 7S)
Qi-zhen Loong scores
Batting: SHB Juan Brito 0-0: Ball
1-0: Reached on Error, E6 (Popup, 6M)
José Cruz to second
Batting: RHB Jeremy Murphy 0-0: Ball
Wild Pitch!
José Cruz to third
Juan Brito to second
1-0: Fly out, F4 (Popup, 8RS)
Bottom of the 8th over - 1 run(s), 2 hit(s), 1 error(s), 2 left on base; Westwood 7 - Billings 1
TOP OF THE 9TH
Westwood Sixshooters batting - Pitching for Billings Polar Bears : RHP Joe Lynn
Pitching: RHP Jim Unknown
Batting: RHB Iván Vega 0-0: Foul Ball, location: 2F
0-1: Swinging Strike
0-2: Ball
1-2: Foul Ball, location: 2F
1-2: Ball
2-2: Foul Ball, location: 2F
2-2: SINGLE (Line Drive, 8LS)
Batting: LHB Javier Sánchez 0-0: Ball
Iván Vega steals 2nd base
1-0: Ball
2-0: Called Strike
2-1: Ground out 4-3 (Groundball, 4)
Iván Vega to third
Batting: RHB Wes Shannon 0-0: Called Strike
0-1: Fly out, F5 (Popup, 15)
Batting: LHB José Martínez 0-0: Called Strike
0-1: Ball
1-1: Swinging Strike
1-2: Fly out, F5 (Popup, 5DF)
Top of the 9th over - 0 run(s), 1 hit(s), 0 error(s), 1 left on base; Westwood 7 - Billings 1
BOTTOM OF THE 9TH
Billings Polar Bears batting - Pitching for Westwood Sixshooters : LHP Don Bender
Now at 1B: Don Thomas
Now in LF: Brian Boone
Batting: LHB Jesús Reyes 0-0: Fly out, F7 (Flyball, 78S)
Batting: RHB Félix Aguilar 0-0: Ball
1-0: Ball
2-0: Called Strike
2-1: SINGLE (Line Drive, 6M)
Batting: RHB Rubén Marino 0-0: Called Strike
0-1: Ball
1-1: Swinging Strike
1-2: Foul Ball, location: 2F
1-2: Strikes out swinging
Batting: RHB Raúl Delgado 0-0: Ball
1-0: Ball
2-0: Called Strike
2-1: SINGLE (Line Drive, 7S)
Félix Aguilar to second
Batting: LHB Qi-zhen Loong 0-0: Called Strike
0-1: Foul Ball, location: 2F
0-2: Strikes out swinging
Bottom of the 9th over - 0 run(s), 2 hit(s), 0 error(s), 2 left on base; Westwood 7 - Billings 1
This league is powered by Out of the Park Baseball, the baseball management simulation game for PC, Mac and Linux
Friday, April 15th, 2016 - OOTP Baseball 16.9 Build 39